AoeStats
← Tomminger

Arena

510399362Analyzed
3v3 RM · 2d ago on Sep 30, 2026· 45m 35s· 6 players
Game mode
Random Map
Map size
Normal (6 player)
Population
200
Speed
Normal
Resources
Standard
Victory
Conquest
Starting age
Dark Age
Ending age
Imperial Age
RankedLock teamsTeams togetherTeam positionsShared explorationLock speedFull tech treeHidden civsTurbo modeCheats
Victory
Defeat
🇪🇨 Burgundians · Ecuador
1146
+13
🇨🇴 Turks · Colombia
1143
+14
🇩🇪 Teutons · Germany
1106
+15
🇬🇹 Bohemians · Guatemala
1224
-19
🇮🇹 Bengalis · Italy
1115
-15
🇦🇷 Franks · Argentina
927
-8
Tomminger
11:27 Feudal Age
15:06 Castle Age
13:11 Double-Bit Axe
13:08 Horse Collar
16:46 Bow Saw
17:12 Heavy Plow
19:30 Gold Mining
21:50 Loom
23:14 Stone Mining
28:34 Imperial Age
26:23 Bloodlines
26:46 Fortified Wall
26:48 Masonry
26:56 Forging
26:52 Scale Barding Armor
27:45 Wheelbarrow
27:42 Ballistics
28:46 Iron Casting
28:59 Chain Barding Armor
29:46 Conscription
30:05 Hoardings
30:52 Hand Cart
31:40 Two-Man Saw
30:42 Cavalier
32:41 Blast Furnace
34:06 Fletching
34:52 Plate Barding Armor
36:24 Paladin
37:03 Bodkin Arrow
43:15 Crop Rotation
42:55 Caravan
tacos4life198
11:19 Feudal Age
12:33 Double-Bit Axe
17:15 Castle Age
15:53 Horse Collar
22:55 Imperial Age
22:35 Gold Mining
24:28 Wheelbarrow
26:11 Ballistics
25:54 Padded Archer Armor
35:06 Bow Saw
34:59 Heavy Plow
37:45 Bloodlines
37:37 Husbandry
37:56 Leather Archer Armor
37:47 Scale Barding Armor
37:53 Forging
39:17 Hand Cart
41:53 Gold Shaft Mining
44:42 Two-Man Saw
43:56 Masonry
43:49 Heavy Camel Rider
VZ | Thelord
10:57 Feudal Age
15:02 Castle Age
12:57 Double-Bit Axe
13:19 Horse Collar
15:06 Gold Mining
16:14 Bow Saw
20:35 Stone Mining
25:13 Gold Shaft Mining
25:40 Loom
29:25 Imperial Age
27:58 Wheelbarrow
27:11 Town Watch
27:47 Scale Barding Armor
27:52 Forging
28:36 Wheelbarrow
28:03 Heavy Plow
28:51 Chain Barding Armor
28:35 Husbandry
28:14 Cavalier
30:22 Hand Cart
30:24 Paladin
31:43 Iron Casting
32:32 Two-Man Saw
33:44 Chemistry
33:36 Crossbowman
35:03 Light Cavalry
42:01 Hussar
44:22 Town Patrol
verbumdei76
2:19 Loom
10:25 Feudal Age
11:20 Double-Bit Axe
11:19 Horse Collar
11:42 Town Watch
21:16 Castle Age
20:30 Fletching
21:14 Padded Archer Armor
22:06 Bodkin Arrow
27:02 Leather Archer Armor
34:37 Town Patrol
CazadorGT
12:15 Feudal Age
16:18 Castle Age
14:12 Horse Collar
14:18 Double-Bit Axe
14:58 Forging
20:31 Fletching
22:54 Bodkin Arrow
23:09 Bodkin Arrow
26:02 Iron Casting
26:14 Loom
25:56 Pikeman
27:16 Bow Saw
29:44 Imperial Age
27:51 Scale Mail Armor
29:42 Chemistry
29:56 Chain Mail Armor
32:30 Plate Mail Armor
33:04 Blast Furnace
33:50 Plate Mail Armor
34:44 Wheelbarrow
36:12 Halberdier
41:08 Conscription
41:55 Two-Man Saw
COSTAMDP
10:35 Feudal Age
12:47 Loom
15:18 Castle Age
13:24 Double-Bit Axe
15:21 Forging
33:01 Imperial Age
35:31 Cavalier
36:12 Husbandry
38:02 Paladin
40:02 Pikeman
40:42 Squires
41:51 Iron Casting
41:22 Scale Barding Armor
44:24 Blast Furnace
43:24 Halberdier
Connection lost

Rejoining the realm…

Still unreachable

The connection could not be restored.

Session expired

The server has moved on; the page needs a fresh start.